 Dungeon Crawl Stone Soup version 0.31.0-32-g396128a36d (webtiles) character file.

Game seed: 17473301761010351355

23 Peloso the Covered (level 2, 27/27 HPs)
             Began as a Minotaur Fighter on Mar 15, 2024.
             Got out of the dungeon alive.
             The game lasted 00:01:04 (511 turns).

Peloso the Covered (Minotaur Fighter)                Turns: 511, Time: 00:01:04

Health: 27/27      AC:  7    Str: 20    XL:     2   Next: 72%
Magic:  1/1        EV:  9    Int:  5    God:
Gold:   14         SH:  4    Dex:  9    Spells: 1/1 levels left

rFire   . . .        a - +0 long sword
rCold   + . .        c - +0 buckler
rNeg    . . .        b - +0 scale mail
rPois   .            (helmet unavailable)
rElec   .            (no cloak)
rCorr   .            (no gloves)
SInv    .            (no boots)
Will    .....        (no amulet) Stlth
                     (no ring)
HPRegen 0.24/turn    (no ring)
MPRegen 0.07/turn

%: no passive effects
@: no status effects
A: horns 3, retaliatory headbutt, fangs 1, hooves 1, cold resistance 1
a: no special abilities


You escaped.
You visited 1 branch of the dungeon, and saw 1 of its levels.

You collected 14 gold pieces.

Inventory:

Hand Weapons
 a - a +0 long sword (weapon)
Missiles
 e - a throwing net (quivered)
Armour
 b - a +0 scale mail (worn)
 c - a +0 buckler (worn)
Jewellery
 f - a ring of fire
Scrolls
 i - a scroll of enchant armour {unknown}
Potions
 d - a potion of might
 g - 2 potions of curing


   Skills:
 + Level 4.2 Fighting
 + Level 2.6 Long Blades
 + Level 4.2 Armour
 + Level 3.7 Shields


You had one spell level left.
You didn't know any spells.
Your spell library was empty.

Dungeon Overview and Level Annotations

Branches:
Dungeon (1/15)

Altars:


Innate Abilities, Weirdness & Mutations

You have a pair of large horns on your head.
You reflexively headbutt those who attack you in melee.
You have very sharp teeth.
You have large cloven feet.
Your flesh is cold resistant. (rC+)


Message History

Found a short sword.
Items here: ) รทรทรทรท.
You see here a +0 dagger.
A ball python comes into view.
The ball python hisses angrily.
A ball python is nearby!
A ball python is nearby!
A ball python is nearby!
You completely miss the ball python. Your headbutt misses the ball python.
The ball python bites you. The ball python grabs you.
The ball python constricts you.
You hit the ball python.
You kill the ball python!
You see here a ball python corpse.
You see here a ball python corpse.
You now have 14 gold pieces (gained 7).
Found a leather armour.
Found a stone staircase leading down.
i - a scroll labelled MOCKIU FYMO Done exploring.
Done exploring.
Done exploring.
Done exploring.
It was a potion of curing.
You feel better.
It was a potion of mutation.
You feel extremely strange.
You feel your magical essence link to the dungeon's wands.
Your body twists and deforms.
Your thoughts seem clearer.
You feel extremely strange.
Your body's shape seems more normal.
Your thinking seems confused.
Your magical essence no longer links to wands of the dungeon.
Your teeth lengthen and sharpen.
You feel resistant to cold. The horns on your head grow some more.
Your feet thicken and deform.
Unknown command.
What level of the Dungeon? (default 1, ? - help)
There is an open door here.
You open the door.
There is an open door here.
There is an open door here.
There is a staircase leading out of the dungeon here.
You have escaped!

#.........#
#.........#
#.........#
#......)..#
######'#....>.#
#......+.....##
#.####'#....##
#.#..#.######
#.+.@'.#
#.#..#.#
#.####.#
#......#
########


There were no monsters in sight!

Vanquished Creatures
  A dart slug (D:1)
  3 bats (D:1)
  A giant cockroach (D:1)
  3 goblins (D:1)
  A hobgoblin (D:1)
  2 jackals (D:1)
  3 ball pythons (D:1)
  3 frilled lizards (D:1)
  4 rats (D:1)
21 creatures vanquished.

Notes
Turn   | Place    | Note
-------+----------+-------------------------------------------
     0 | D:1      | Peloso the Minotaur Fighter began the quest for the Orb.
     0 | D:1      | Reached XP level 1. HP: 19/19 MP: 0/0
    56 | D:1      | Reached XP level 2. HP: 22/27 MP: 1/1
   496 | D:1      | Gained mutation: You expend magic power (3 MP) to
                  | strengthen your wands. [potion of mutation]
   496 | D:1      | Gained mutation: Armour fits poorly on your strangely
                  | shaped body. [potion of mutation]
   496 | D:1      | Gained mutation: You possess an exceptional clarity of
                  | mind. [potion of mutation]
   497 | D:1      | Lost mutation: Armour fits poorly on your strangely shaped
                  | body. [potion of mutation]
   497 | D:1      | Lost mutation: You possess an exceptional clarity of mind.
                  | [potion of mutation]
   497 | D:1      | Lost mutation: You expend magic power (3 MP) to strengthen
                  | your wands. [potion of mutation]
   497 | D:1      | Gained mutation: You have very sharp teeth. [potion of
                  | mutation]
   497 | D:1      | Gained mutation: Your flesh is cold resistant. (rC+)
                  | [potion of mutation]
   497 | D:1      | Gained mutation: You have a pair of large horns on your
                  | head. [potion of mutation]
   497 | D:1      | Gained mutation: You have large cloven feet. [potion of
                  | mutation]
   511 | D:$      | Got out of the dungeon alive.

Illustrated notes

Levels and vault maps discovered:
D:1:      ncdulo_smallfort, layout_rooms, minmay_strange_pillars

Skill      XL: |  1  2 |
---------------+-------+-----
Armour         | 4 |  4.2
Fighting       | 4 |  4.2
Long Blades    | |  2.6
Shields        | |  3.7

Action                     || total
---------------------------++-------
  Melee: Long sword        ||    41
         Headbutt          ||     3
    Use: Potion            ||     3
 Armour: Scale mail        ||    44
  Dodge: Dodged            ||    29
  Block: Buckler           ||    14
